 Dungeon Crawl Stone Soup version 0.18-a0-1577-gf591c28 (webtiles) character file.

28 M4edhros the Charlatan (level 3, 0/23 HPs)
             Began as an Octopode Artificer on Mar 20, 2016.
             Slain by Ijyb
             ... wielding a +0 dagger
              (2 damage)
             ... on level 2 of the Dungeon.
             The game lasted 00:01:07 (1016 turns).

M4edhros the Charlatan (Octopode Artificer)         Turns: 1016, Time: 00:01:07

Health: 0/23       AC:  1    Str: 10    XL:     3   Next: 12%
Magic:  5/6        EV: 10    Int: 14    God:
Gold:   49         SH:  9    Dex: 13    Spells: 0 memorised, 2 levels left

rFire  . . .     SeeInvis .     a - +0 short sword
rCold  . . .     Gourm    .     h - +2 shield
rNeg   . . .     Faith    .     (helmet restricted)
rPois  .         Spirit   .     i - amulet of dismissal
rElec  .         Dismiss  +     (no ring)
rCorr  .         Reflect  .     (no ring)
SustAt .         Harm     .     (no ring)
MR     .....                    (no ring)
Stlth  +++.......               (no ring)
                                (no ring)
                                (no ring)
                                (no ring)

@: flying, not resistant to hostile enchantments, fairly stealthy
A: almost no armour, amphibious, 8 rings, constrict 8, camouflage 1, gelatinous
body 1
a: no special abilities


You were on level 2 of the Dungeon.
You were not hungry.

You visited 1 branch of the dungeon, and saw 2 of its levels.

You collected 49 gold pieces.

Inventory:

Hand Weapons
 a - a +0 short sword (weapon)
Missiles
 m - 16 stones (quivered)
Armour
 h - a +2 shield (worn)
Jewellery
 i - an amulet of dismissal (around mantle)
Wands
 b - a wand of flame (15/48)
 c - a wand of enslavement (15/24)
 d - a wand of random effects (15/48)
Scrolls
 e - 3 scrolls of recharging {unknown}
 j - 2 scrolls of identify {unknown}
 k - a scroll of remove curse {unknown}
Potions
 l - a potion of flight
Comestibles
 f - a bread ration
 g - 2 meat rations


   Skills:
 - Level 1.0 Fighting
 - Level 1.0 Short Blades
 - Level 2.4 Dodging
 - Level 1.3 Stealth
 + Level 1.2 Shields
 + Level 4.0 Evocations


You had 2 spell levels left.
You didn't know any spells.

Dungeon Overview and Level Annotations

Branches:
Dungeon (2/15)

Altars:

Annotations:
D:2 Ijyb, Robin


Innate Abilities, Weirdness & Mutations

You cannot wear most types of armour.
You are amphibious.
You can wear up to eight rings at the same time.
You can use your tentacles to constrict eight enemies at once.
Your skin changes colour to match your surroundings (Stealth).
Your rubbery body absorbs attacks (AC +1).


Message History

There are monsters nearby!
You hit Ijyb but do no damage. You constrict Ijyb.
You block the goblin's attack. Ijyb hits you but does no damage.
You release your grip on Ijyb.
There is a stone staircase leading up here.
You closely miss the goblin. You grab the goblin. You constrict the goblin.
You block the goblin's attack.
You hit the goblin.
You kill the goblin!
Your Evocations skill increases to level 4!
You closely miss Ijyb. You grab Ijyb. You constrict Ijyb.
Ijyb zaps a wand.
The puff of flame hits you!
* * * LOW HITPOINT WARNING * * *
You are too injured to fight recklessly!
Drink which item? (? for menu, Esc to quit)
It was a potion of flight.
You feel very buoyant.
You fly up into the air.
You constrict Ijyb, but do no damage. Ijyb hits you with a dagger.
You die...

.. #.# #.# ##.# ...
#.# # #)####### ##
#.#gg@...†######## .
#..#####.#.......
###. ##..g........#
...# ##....#..##.#
..###.##..#..#
#.#...g..)..#
#..#.##..####
#.<#.##..#####.#
............g.g.)gg.#


You could see Ijyb and a goblin.

Vanquished Creatures
  A dart slug (D:1)
  A giant gecko (D:1)
  2 hobgoblins (D:1)
  3 bats (D:1)
  2 giant newts (D:1)
  9 goblins
  3 kobolds
  3 rats (D:1)
24 creatures vanquished.

Notes
Turn   | Place    | Note
--------------------------------------------------------------
     0 | D:1      | M4edhros the Octopode Artificer began the quest for the Orb.
     0 | D:1      | Reached XP level 1. HP: 13/13 MP: 3/3
   420 | D:1      | Reached XP level 2. HP: 18/18 MP: 4/4
   940 | D:2      | Reached skill level 1 in Shields
   953 | D:2      | Reached XP level 3. HP: 15/23 MP: 5/5
   957 | D:2      | Noticed Ijyb
   957 | D:2      | Noticed Robin
  1014 | D:2      | Reached skill level 4 in Evocations
  1016 | D:2      | Slain by Ijyb

Vault maps used:
D:1:      ncdulo_halloftheorcs
D:2:      uniq_iyjb, uniq_robin

Skill      XL: |  1  2  3 |
---------------+----------+-----
Shields        | 1 |  1.2
Evocations     | 4 |  4.0
Fighting       | |  1.0
Short Blades   | |  1.0
Dodging        | |  2.4
Stealth        | |  1.3

Action                   || total
-------------------------++-------
Melee: Short sword       ||    45
  Use: Potion            ||     1
 Stab: Sleeping          ||     4
       Distracted        ||     1
